AoeStats
← Santi Povs

Arena

505554465Analyzed
2v2 RM · 21d ago on Sep 10, 2026· 48m 17s· 4 players
Game mode
Random Map
Map size
Medium (4 player)
Population
200
Speed
Normal
Resources
Standard
Victory
Conquest
Starting age
Dark Age
Ending age
Imperial Age
RankedLock teamsTeams togetherTeam positionsShared explorationLock speedFull tech treeHidden civsTurbo modeCheats
Victory
Defeat
🇨🇴 Celts · Colombia
1019
+16
🇨🇴 Romans · Colombia
962
+19
🇦🇷 Burgundians · Argentina
1034
-18
🇩🇪 Romans · Germany
1007
-17
Purle Paus
10:27 Loom
12:13 Feudal Age
13:50 Double-Bit Axe
13:49 Horse Collar
16:51 Castle Age
15:44 Man-at-Arms
16:28 Scale Mail Armor
17:39 Long Swordsman
20:15 Pikeman
26:22 Chain Mail Armor
30:21 Wheelbarrow
33:32 Forging
33:30 Heavy Plow
33:33 Squires
34:33 Hand Cart
36:48 Bow Saw
39:08 Fletching
41:57 Imperial Age
Luzbelito8824
8:25 Wheelbarrow
10:33 Feudal Age
11:04 Double-Bit Axe
11:15 Horse Collar
12:15 Bow Saw
18:06 Castle Age
17:01 Forging
16:56 Scale Barding Armor
17:32 Heavy Plow
18:12 Cavalier
19:21 Husbandry
20:04 Iron Casting
24:05 Chain Barding Armor
30:55 Gold Mining
30:54 Town Watch
31:46 Stone Mining
32:37 Gold Shaft Mining
36:24 Hand Cart
38:31 Loom
43:49 Imperial Age
42:36 Masonry
45:37 Chemistry
47:26 Conscription
47:59 Plate Barding Armor
46:55 Paladin
Santi Povs
10:23 Feudal Age
14:00 Castle Age
12:37 Double-Bit Axe
13:29 Horse Collar
21:07 Wheelbarrow
22:45 Bow Saw
27:11 Imperial Age
24:28 Town Watch
24:58 Loom
25:29 Hand Cart
25:59 Scale Mail Armor
26:09 Forging
26:03 Pikeman
27:02 Chain Mail Armor
28:28 Iron Casting
27:46 Halberdier
32:02 Chemistry
31:00 Heavy Scorpion
32:54 Blast Furnace
32:27 Plate Mail Armor
33:17 Capped Ram
34:56 Siege Ram
40:29 Scale Barding Armor
44:11 Siege Engineers
NickyCash
10:24 Feudal Age
8:39 Loom
14:06 Castle Age
13:01 Stone Mining
23:47 Gold Mining
23:46 Double-Bit Axe
23:45 Horse Collar
27:27 Murder Holes
45:51 Imperial Age
44:19 Pikeman
45:01 Squires
46:16 Heavy Scorpion
Connection lost

Rejoining the realm…

Still unreachable

The connection could not be restored.

Session expired

The server has moved on; the page needs a fresh start.